 Dungeon Crawl Stone Soup version 0.23.1 (webtiles) character file.

Game seed: 0

1275 Descartes the Insei (level 8, 0/40 HPs)
             Began as a Vine Stalker Transmuter on Mar 10, 2019.
             Was a Follower of Qazlal.
             Slain by a bullfrog (3 damage)
             ... on level 5 of the Dungeon.
             The game lasted 00:22:07 (6361 turns).

Descartes the Insei (Vine Stalker Transmuter)       Turns: 6361, Time: 00:22:07

Health: 0/40       AC:  6    Str: 12    XL:     8   Next: 53%
Magic:  0/15       EV: 14    Int: 14    God:    Qazlal [*.....]
Gold:   358        SH:  2    Dex: 17    Spells: 12/15 levels left

rFire    . . .     SeeInvis .     - Unarmed
rCold    . . .     Gourm    .   (no shield)
rNeg     . . .     Faith    .   i - +0 leather armour
rPois    +         Spirit   +   (no helmet)
rElec    .         Reflect  .   (no cloak)
rCorr    .         Harm     .   x - +0 pair of gloves
MR       +....                  j - +1 pair of boots
Stlth    ..........             z - amulet of inaccuracy
HPRegen  0.53/turn              h - ring of poison resistance
MPRegen  0.14/turn              A - ring of attention

@: no status effects
A: fangs 3, regeneration 1, magic shield, antimagic bite, no potion heal 3, rot
immunity
a: Renounce Religion


You were on level 5 of the Dungeon.
You worshipped Qazlal.
Qazlal was aware of your devotion.
You were not hungry.

You visited 1 branch of the dungeon, and saw 6 of its levels.

You collected 358 gold pieces.

Inventory:

Hand Weapons
 b - a +0 hunting sling
 p - a +2 dagger of speed
 r - a +2 mace of crushing
 y - a +0 rapier
 E - a +0 shortbow
Missiles
 a - 119 arrows
 e - 3 needles of confusion (quivered)
 l - 231 stones
 n - 16 bolts
 o - 31 sling bullets
 w - 12 poisoned needles
 B - 2 throwing nets
Armour
 i - a +0 leather armour (worn)
 j - a +1 pair of boots (worn)
 k - a +0 robe
 x - a +0 pair of gloves (worn)
 H - a +0 helmet
Jewellery
 h - a ring of poison resistance (left hand)
 z - an amulet of inaccuracy (around neck)
 A - a ring of attention (right hand)
Wands
 C - a wand of iceblast (19)
 G - a wand of enslavement (15)
Scrolls
 c - 6 scrolls of identify
 f - a scroll of enchant weapon
 g - a scroll of fog
 t - 2 scrolls of fear
 u - a scroll of blinking
Potions
 m - 2 potions of agility
 q - 2 potions of brilliance
 s - 3 potions of lignification
 v - a potion of might {unknown}
Comestibles
 d - 17 rations
 D - 11 chunks of flesh


   Skills:
 + Level 3.0 Fighting
 * Level 4.4 Dodging
 * Level 5.8 Unarmed Combat
 + Level 4.0 Spellcasting
 * Level 5.3 Transmutations


You had 12 spell levels left.
You knew the following spells:

 Your Spells              Type           Power        Failure   Level  Hunger
a - Beastly Appendage     Tmut           ###...       2%          1    None
b - Sticks to Snakes      Tmut           ###.....     4%          2    ##.....

Your spell library contained the following spells:

 Spells                   Type           Power        Failure   Level  Hunger
 Spider Form              Tmut/Pois      ##........   24%         3    ###....
 Blade Hands              Tmut           ###.......   58%         5    ######.
 Ice Form                 Ice/Tmut       ##......     63%         4    ####...


Dungeon Overview and Level Annotations

Branches:
Dungeon (6/15)             Temple (0/1) D:5

Altars:
Fedhas
Hepliaklqana
Makhleb
Qazlal
Ru
Sif Muna
Trog
Uskayaw
Yredelemnul

Shops:
D:4 =


Innate Abilities, Weirdness & Mutations

You have razor-sharp teeth.
Your natural rate of healing is unusually fast.
When hurt, damage is shared between your health and your magic reserves.
Your bite disrupts and absorbs the magic of your enemies.
Potions cannot restore your health.
You are immune to rotting.


Message History

The orc wizard points at you and mumbles some strange words.
The puff of flame misses you. The orc wizard closely misses you.
The bullfrog closely misses you.
The orc wizard begins to cast a cantrip, but forgets the words!
The bullfrog barely misses you.
The orc wizard is no longer moving quickly.
The orc wizard gestures wildly while chanting.
The orc wizard seems to speed up.
The bullfrog barely misses you. The bullfrog hits you!
* * * LOW HITPOINT WARNING * * *
Casting: Sticks to Snakes (safe; 4% risk of failure)
Confirm with . or Enter, or press ? or * to list all spells.
You don't have enough magic to cast that spell.
You barely miss the bullfrog. Your bite misses the bullfrog.
The bullfrog misses you.
You punch the bullfrog! Your bite misses the bullfrog.
The bullfrog is moderately wounded.
The bullfrog hits you.
You die...

#..# #.....#
###.##... #..#
##.###.#####.##.##
#.># #..#
#........#.# #..#
#..###.#####..#.#
#..###......##
#..#.#
#..o.........#
#..#.#
#.####o##.##.#
#..#.## #.#
#F##.##.####..#...
#.#
#@##.##.......###.
#.#
#.##.########.###.
#.##
#.##..............
#..#
#.............###.
##.#
############### #.
#.# #< #.# #. #.#
## #.#


You could see a bullfrog and an orc wizard.

Vanquished Creatures
  Eustachio (D:4)
  A sky beast (D:5)
  An ogre (D:5)
  A centaur (D:5)
  A bullfrog (D:6)
  A scorpion (D:6)
  2 crimson imps
  A jelly (D:3)
  A centaur zombie (D:5)
  A bullfrog zombie (D:5)
  2 hounds
  An orc priest (D:6)
  A bullfrog skeleton (D:5)
  2 orc wizards (D:3)
  Ijyb (D:5)
  4 worker ants
  8 adders
  2 shadow imps (D:5)
  2 oozes
  2 worms
  2 leopard geckos
  13 orcs
  A ball python (D:1)
  7 bats
  5 giant cockroaches
  8 goblins
  14 hobgoblins
  2 jackals (D:4)
  6 kobolds
  2 quokkas
  5 frilled lizards
  A leopard gecko skeleton (D:6)
  A quokka zombie (D:5)
  9 rats
  A spectral orc (D:3)
113 creatures vanquished.

Vanquished Creatures (collateral kills)
  An ice beast (D:6)
  An orc wizard (D:6)
  2 worker ants (D:6)
  An orc (D:6)
5 creatures vanquished.

Vanquished Creatures (others)
  An orc priest (D:6)
  A quokka (D:2)
2 creatures vanquished.

Grand Total: 120 creatures vanquished

Notes
Turn   | Place    | Note
-------+----------+-------------------------------------------
     0 | D:1      | Descartes the Vine Stalker Transmuter began the quest for
                  | the Orb.
     0 | D:1      | Reached XP level 1. HP: 9/9 MP: 4/4
   266 | D:1      | Reached skill level 1 in Fighting
   367 | D:1      | Reached XP level 2. HP: 8/14 MP: 3/6
  1104 | D:1      | Reached XP level 3. HP: 18/18 MP: 7/7
  1108 | D:1      | Learned a level 2 spell: Sticks to Snakes
  1819 | D:2      | Found a blossoming altar of Fedhas.
  1888 | D:2      | Found a deep blue altar of Sif Muna.
  1904 | D:2      | Gained mutation: Your natural rate of healing is unusually
                  | fast. [Vine Stalker growth]
  1904 | D:2      | Reached XP level 4. HP: 3/22 MP: 2/8
  2051 | D:2      | Found a hazy altar of Hepliaklqana.
  2452 | D:3      | Reached XP level 5. HP: 6/25 MP: 2/9
  2668 | D:3      | Found a burning altar of Makhleb.
  2703 | D:3      | Found a basalt altar of Yredelemnul.
  3287 | D:3      | Reached XP level 6. HP: 27/30 MP: 7/11
  3705 | D:4      | Found a bloodstained altar of Trog.
  3836 | D:4      | Found a stormy altar of Qazlal.
  3842 | D:4      | Became a worshipper of Qazlal Stormbringer
  3852 | D:4      | Noticed Eustachio
  3868 | D:4      | Killed Eustachio
  3946 | D:4      | Found a basalt altar of Yredelemnul.
  4060 | D:4      | Found Jotoxus's Jewellery Shop.
  4641 | D:5      | Entered Level 5 of the Dungeon
  4642 | D:5      | Found a staircase to the Ecumenical Temple.
  4654 | D:5      | Noticed a +0 dagger
  4654 | D:5      | Noticed a +0 dagger
  4658 | D:5      | Found a hide-covered altar of Uskayaw.
  4673 | D:5      | Reached XP level 7. HP: 25/35 MP: 8/12
  5050 | D:5      | Reached skill level 5 in Unarmed Combat
  5165 | D:5      | Gained mutation: You have razor-sharp teeth. [Vine Stalker
                  | growth]
  5165 | D:5      | Reached XP level 8. HP: 29/39 MP: 11/14
  5216 | D:5      | Noticed Ijyb
  5240 | D:5      | Killed Ijyb
  5334 | D:5      | Reached * piety under Qazlal
  5555 | D:5      | Found a sacrificial altar of Ru.
  5656 | D:6      | Reached skill level 5 in Transmutations
  5704 | D:6      | HP: 1/39 [worker ant (3)]
  6359 | D:5      | HP: 2/40 [bullfrog (6)]
  6361 | D:5      | Slain by a bullfrog

Skill      XL: |  1  2  3  4  5  6  7  8 |
---------------+-------------------------+-----
Fighting       | 1 2 3 |  3.0
Dodging        | 2 3 4 |  4.4
Transmutations | 3 4 5 |  5.3
Unarmed Combat | 4 5 |  5.8
Spellcasting   | 3 4 |  4.0

Action                   |  1- 3 |  4- 6 |  7- 9 || total
-------------------------+-------+-------+-------++-------
Melee: Unarmed           |    98 |   109 |   248 ||   455
       Bite              |    20 |    32 |    70 ||   122
       Punch             |     4 |     1 |     7 ||    12
       Headbutt          |       |     5 |    22 ||    27
 Fire: Hunting sling     |    33 |    85 |    11 ||   129
 Cast: Beastly Appendage |       |     5 |    16 ||    21
       Sticks to Snakes  |       |     1 |     2 ||     3
Evoke: Wand              |       |       |     2 ||     2
  Use: Scroll            |     1 |     9 |     3 ||    13
 Stab: Sleeping          |     1 |       |       ||     1
  Eat: Chunk             |     3 |     8 |     7 ||    18
Armor: Robe              |    10 |       |       ||    10
       Leather armour    |    14 |    14 |    55 ||    83
Dodge: Dodged            |    53 |    69 |   153 ||   275
Block: Other             |       |       |     4 ||     4
